AoeStats
← 月喵喵

Arena

508385863Analyzed
4v4 RM · 10d ago on Sep 22, 2026· 41m 1s· 8 players
Game mode
Random Map
Map size
Large (8 player)
Population
200
Speed
Normal
Resources
Standard
Victory
Conquest
Starting age
Dark Age
Ending age
Imperial Age
RankedLock teamsTeams togetherTeam positionsShared explorationLock speedFull tech treeHidden civsTurbo modeCheats
Victory
Defeat
🇹🇷 Khmer · Türkiye
1146
+13
🇹🇷 Celts · Türkiye
1061
+17
🇦🇺 Wei · Australia
1058
+17
🇨🇳 Khmer · China
1047
+18
🇹🇼 Turks · Taiwan
1139
-18
🇵🇱 Poles · Poland
1077
-16
🇨🇳 Italians · China
1074
-16
🇨🇦 Burgundians · Canada
1049
-15
月喵喵
10:27 Feudal Age
11:38 Horse Collar
15:02 Castle Age
16:20 Heavy Plow
16:07 Double-Bit Axe
20:11 Stone Mining
20:15 Gold Mining
20:48 Fletching
21:13 Bow Saw
21:53 Bodkin Arrow
22:42 Wheelbarrow
21:53 Loom
26:34 Forging
29:07 Imperial Age
28:26 Hand Cart
28:05 Town Watch
29:14 Onager
31:15 Chemistry
30:43 Padded Archer Armor
31:41 Thumb Ring
32:16 Ballistics
33:42 Pirotechnia
33:29 Stone Mining
36:37 Two-Man Saw
36:09 Crop Rotation
36:19 Bracer
38:03 Leather Archer Armor
Mo-Sacra
8:03 Double-Bit Axe
10:39 Feudal Age
11:04 Horse Collar
11:37 Bow Saw
12:12 Heavy Plow
14:25 Wheelbarrow
14:46 Wheelbarrow
17:52 Castle Age
22:54 Two-Man Saw
23:16 Crop Rotation
23:03 Loom
25:04 Hand Cart
30:21 Imperial Age
28:07 Guilds
30:51 Gold Mining
30:56 Stone Mining
31:20 Fletching
31:32 Scale Mail Armor
31:42 Forging
30:58 Elite Skirmisher
31:54 Squires
32:00 Fletching
33:35 Arson
34:08 Chain Mail Armor
34:29 Iron Casting
33:49 Bodkin Arrow
33:54 Murder Holes
33:40 Treadmill Crane
34:12 Masonry
34:12 Fortified Wall
35:36 Burgundian Vineyards
35:52 Conscription
36:45 Chemistry
36:05 Ballistics
35:56 Fortified Wall
35:27 Treadmill Crane
35:57 Masonry
35:50 Padded Archer Armor
35:46 Bodkin Arrow
37:19 Leather Archer Armor
37:35 Plate Mail Armor
38:06 Blast Furnace
38:27 Gold Shaft Mining
38:30 Stone Shaft Mining
40:41 Hoardings
41:02 Architecture
crazyeyee
11:55 Feudal Age
16:19 Castle Age
14:28 Double-Bit Axe
14:25 Horse Collar
14:38 Gold Mining
15:34 Stone Mining
17:40 Wheelbarrow
18:49 Bow Saw
19:22 Gold Shaft Mining
23:50 Imperial Age
22:29 Loom
29:19 Imperial Age
28:58 Loom
giancarlo7
10:26 Feudal Age
11:47 Wheelbarrow
10:55 Horse Collar
11:07 Double-Bit Axe
18:20 Castle Age
16:45 Stone Mining
17:11 Scale Mail Armor
17:08 Gold Mining
17:59 Forging
18:58 Scale Barding Armor
19:10 Pikeman
21:10 Bow Saw
22:51 Chain Mail Armor
30:32 Imperial Age
29:22 Husbandry
31:13 Chain Barding Armor
31:31 Iron Casting
32:09 Szlachta Privileges
33:20 Conscription
32:30 Cavalier
ikaradayi976
12:45 Feudal Age
16:09 Castle Age
13:58 Double-Bit Axe
13:55 Horse Collar
15:32 Scale Mail Armor
14:54 Man-at-Arms
18:36 Long Swordsman
19:15 Loom
21:10 Forging
26:07 Wheelbarrow
26:31 Gold Mining
27:14 Hand Cart
27:10 Stone Mining
28:13 Gold Shaft Mining
28:10 Heavy Plow
28:23 Bow Saw
32:59 Imperial Age
34:27 Crop Rotation
33:25 Capped Ram
34:23 Fervor
34:34 Sanctity
34:18 Siege Ram
37:45 Scale Barding Armor
38:15 Iron Casting
38:01 Husbandry
38:11 Bloodlines
37:22 Light Cavalry
38:47 Chain Barding Armor
41:41 Plate Barding Armor
42:06 Blast Furnace
40:27 Hussar
rca
2:17 Loom
11:07 Feudal Age
13:09 Loom
16:19 Castle Age
15:15 Horse Collar
15:21 Double-Bit Axe
15:44 Stone Mining
16:50 Gold Mining
17:12 Forging
19:35 Bow Saw
20:16 Pikeman
22:02 Scale Mail Armor
28:53 Iron Casting
28:34 Chain Mail Armor
30:20 Arson
32:07 Gold Shaft Mining
35:42 Imperial Age
33:00 Town Watch
35:25 Wheelbarrow
35:27 Fletching
36:20 Halberdier
36:27 Halberdier
38:34 Furor Celtica
38:46 Conscription
41:02 Gambesons
40:37 Man-at-Arms
42:19 Blast Furnace
41:50 Plate Mail Armor
MegaPanda
10:25 Feudal Age
15:01 Castle Age
15:15 Castle Age
13:54 Double-Bit Axe
20:46 Bow Saw
20:34 Loom
25:49 Wheelbarrow
27:39 Hand Cart
27:42 Bloodlines
27:32 Husbandry
29:27 Forging
29:34 Scale Barding Armor
30:47 Iron Casting
30:09 Town Watch
35:01 Imperial Age
34:18 Chain Barding Armor
35:13 Heavy Hei Guang Cavalry
37:04 Blast Furnace
39:33 Ming Guang Armor
電動遊戯
9:24 Feudal Age
12:33 Castle Age
15:24 Fervor
15:08 Double-Bit Axe
25:12 Bow Saw
26:00 Loom
27:27 Wheelbarrow
27:32 Gold Mining
27:34 Stone Mining
27:41 Horse Collar
29:18 Stone Shaft Mining
29:19 Gold Shaft Mining
29:18 Hand Cart
33:07 Imperial Age
30:57 Town Watch
32:01 Town Patrol
33:16 Bloodlines
33:06 Husbandry
33:40 Heavy Plow
34:00 Fortified Wall
34:11 Ballistics
33:47 Murder Holes
34:02 Masonry
34:53 Conscription
33:56 Elite Ballista Elephant
34:44 Double Crossbow
34:50 Fletching
35:07 Siege Engineers
36:03 Chemistry
35:45 Crop Rotation
35:22 Scale Barding Armor
35:11 Light Cavalry
36:02 Devotion
35:31 Capped Ram
36:13 Bodkin Arrow
36:38 Chain Barding Armor
36:36 Forging
36:27 Hussar
36:44 Siege Ram
37:52 Bracer
39:41 Hoardings
40:22 Plate Barding Armor
41:23 Forging
41:13 Scale Mail Armor
Connection lost

Rejoining the realm…

Still unreachable

The connection could not be restored.

Session expired

The server has moved on; the page needs a fresh start.